 Dungeon Crawl Stone Soup version 0.31-a0-700-gf13585253f (webtiles) character file.

Game seed: 17208754900612050210

1353 randomguy2701 the Cleaver (level 8, -2/71 HPs)
             Began as a Hill Orc Fighter on Sept 8, 2023.
             Was a Believer of Beogh.
             Slain by a wight
             ... wielding a +1 trident
              (9 damage)
             ... on level 8 of the Dungeon.
             The game lasted 00:05:18 (5019 turns).

randomguy2701 the Cleaver (Hill Orc Fighter)        Turns: 5019, Time: 00:05:19

Health: -2/71      AC: 11    Str: 19    XL:     8   Next: 63%
Magic:  8/8        EV:  9    Int:  8    God:    Beogh [**....]
Gold:   259        SH:  5    Dex: 12    Spells: 7/7 levels left

rFire   . . .        a - +0 war axe
rCold   . . .        c - +0 buckler
rNeg    . . .        b - +0 scale mail
rPois   .            u - +0 helmet
rElec   .            (no cloak)
rCorr   .            t - +1 pair of gloves "Zutzigoe" {Slay+2}
SInv    .            (no boots)
Will    +....        (no amulet) Stlth
                     k - ring of willpower
HPRegen 0.31/turn    (no ring)
MPRegen 0.11/turn

%: no passive effects
@: mighty
A: no striking features
a: Renounce Religion, Smiting


You were on level 8 of the Dungeon.
You worshipped Beogh.
Beogh was pleased with you.
You visited 1 branch of the dungeon, and saw 6 of its levels.

You collected 259 gold pieces.

Inventory:

Hand Weapons
 a - a +0 war axe (weapon)
Armour
 b - a +0 scale mail (worn)
 c - a +0 buckler (worn)
 t - the +1 pair of gloves "Zutzigoe" (worn) {Slay+2}
   (You found it on level 4 of the Dungeon)

   Slay+2:    It affects your accuracy & damage with ranged weapons and melee
   (+2).
 u - a +0 helmet (worn)
Jewellery
 k - a ring of willpower (left hand)
Wands
 p - a wand of flame (21)
Scrolls
 d - a scroll of revelation {unknown}
 g - 4 scrolls of teleportation {unknown}
 h - a scroll of fog {unknown}
 i - 2 scrolls of brand weapon {unknown}
 l - a scroll of amnesia {unknown}
 o - 2 scrolls of poison {unknown}
 r - 2 scrolls of identify {unknown}
Potions
 e - a potion of curing {unknown}
 f - a potion of resistance {unknown}
 j - 2 potions of invisibility {unknown}
 m - a potion of heal wounds
 n - a potion of enlightenment {unknown}
 q - 2 potions of lignification {unknown}
 s - a potion of might
 v - a potion of attraction {unknown}
 w - a potion of ambrosia {unknown}


   Skills:
 + Level 6.4 Fighting
 + Level 9.1 Axes
 + Level 6.5 Armour
 + Level 1.4 Dodging
 + Level 1.0 Stealth
 + Level 4.3 Shields


You had 7 spell levels left.
You didn't know any spells.
Your spell library contained the following spells:

 Spells                   Type           Power      Damage    Failure   Level
 Slow                     Hex            0%         N/A       83%         1
 Confusing Touch          Hex            0%         N/A       99%         3
 Sigil of Binding         Hex            0%         N/A       99%         3
 Vampiric Draining        Necr           0%         2d6       99%         3


Dungeon Overview and Level Annotations

Branches:
Dungeon (5/15)
 Temple: D:4-7

Altars:
Ashenzari
Cheibriados
Dithmenos
Fedhas
Ru
Trog

Shops:
D:3 [

Annotations:
D:3 1 runed translucent door, Crazy Yiuf
D:4 2 transporters, runemasterragnar's ghost, amateur DsSh


Message History

You feel drained.
You slice the wight!!
You destroy the wight!
Beogh accepts your kill.
Your life force feels restored.
You slash the wight!
The wight is almost destroyed.
The wight hits you with a +2 dagger.
You feel drained.
You hit the wight.
The wight is almost destroyed.
The wight hits you with a +2 dagger. The wight barely misses you.
You slash the wight!
You destroy the wight!
Beogh accepts your kill. The wight barely misses you.
Your life force feels restored.
You block the wight's attack. The wight hits you but does no damage.
Items here: )) [[[ †.
You slash the wight!
The wight is heavily damaged.
The wight hits you with a +1 trident of freezing.
* * * LOW HITPOINT WARNING * * *
The wight freezes you.
* * * LOW HITPOINT WARNING * * *
The wight barely misses you.
You closely miss the wight.
The wight is heavily damaged.
The wight hits you but does no damage. x2
You barely miss the wight.
The wight is heavily damaged.
The wight hits you with a +1 trident of freezing!
* * * LOW HITPOINT WARNING * * *
The wight freezes you.
* * * LOW HITPOINT WARNING * * *
The wight barely misses you.
You slash the wight!
The wight is almost destroyed.
The wight hits you but does no damage.
The wight hits you from afar with a +1 trident!
You die...

. .. ...# ...<.
......########
#zz@.....# #.######.# #
#.# #.# ## #.# .. #.#
#####################.##
.......................#
########################


You could see 2 wights.

Vanquished Creatures
  Grinder (D:3)
  A steam dragon (D:8)
  2 black bears
  A centaur (D:8)
  A kobold brigand (D:5)
  A phantom (D:5)
  2 scorpions
  2 wights (D:8)
  2 orc priests (D:5)
  A hound (D:5)
  2 jellies (D:5)
  A sleepcap (D:5)
  Terence (D:3)
  2 iguanas
  An orc wizard (D:5)
  3 adders
  A shadow imp (D:5)
  An ufetubus (D:5)
  A dart slug (D:2)
  21 orcs
  5 ball pythons
  4 bats
  10 endoplasms
  2 giant cockroaches
  6 goblins
  7 hobgoblins
  15 kobolds
  3 quokkas
  2 frilled lizards (D:3)
  5 rats
107 creatures vanquished.

Vanquished Creatures (others)
  An orc priest (D:3)
  An adder (D:3)
  An orc (D:3)
3 creatures vanquished.

Grand Total: 110 creatures vanquished

Notes
Turn   | Place    | Note
-------+----------+-------------------------------------------
     0 | D:1      | randomguy2701 the Hill Orc Fighter began the quest for the
                  | Orb.
     0 | D:1      | Reached XP level 1. HP: 19/19 MP: 1/1
   188 | D:1      | Reached XP level 2. HP: 20/27 MP: 2/2
   598 | D:1      | Reached skill level 3 in Axes
   889 | D:1      | Reached XP level 3. HP: 31/33 MP: 3/3
  1038 | D:2      | Identified the +9 mace of Compassion {drain, rC+ Int+3}
  1515 | D:2      | Reached XP level 4. HP: 40/40 MP: 4/4
  1601 | D:3      | Became a worshipper of Beogh the Brigand
  1607 | D:3      | Noticed Terence
  1628 | D:3      | Killed Terence
  1629 | D:3      | Reached skill level 4 in Axes
  1771 | D:3      | Found Zeage's Antique Armour Shoppe.
  1817 | D:3      | Noticed Grinder
  1829 | D:3      | Killed Grinder
  1830 | D:3      | Reached skill level 5 in Axes
  1830 | D:3      | Reached XP level 5. HP: 37/47 MP: 5/5
  1830 | D:3      | Reached XP level 6. HP: 42/53 MP: 6/6
  1986 | D:3      | Found a sacrificial altar of Ru.
  2237 | D:3      | Found a runed translucent door.
  2238 | D:3      | Noticed Crazy Yiuf
  2738 | D:4      | Noticed runemasterragnar's ghost (amateur DsSh)
  2739 | D:4      | Found a transporter.
  2770 | D:4      | Found a shadowy altar of Dithmenos.
  2881 | D:4      | Reached skill level 6 in Axes
  2962 | D:4      | Reached * piety under Beogh
  3061 | D:4      | Noticed a black bear
  3072 | D:4      | Killed a black bear
  3073 | D:4      | Reached skill level 5 in Armour
  3073 | D:4      | Reached skill level 1 in Dodging
  3169 | D:4      | Reached XP level 7. HP: 47/60 MP: 7/7
  3414 | D:4      | Identified the +1 pair of gloves "Zutzigoe" {Slay+2}
  3917 | D:4      | Found a transporter.
  4101 | D:5      | Entered Level 5 of the Dungeon
  4126 | D:5      | Reached skill level 5 in Fighting
  4126 | D:5      | Reached skill level 7 in Axes
  4267 | D:5      | Reached skill level 1 in Stealth
  4426 | D:5      | Reached XP level 8. HP: 58/69 MP: 8/8
  4503 | D:5      | Reached skill level 8 in Axes
  4613 | D:5      | Found a broken altar of Ashenzari.
  4621 | D:5      | Found a blossoming altar of Fedhas.
  4630 | D:5      | Found a bloodstained altar of Trog.
  4632 | D:5      | Found a snail-covered altar of Cheibriados.
  4697 | D:5      | Reached ** piety under Beogh
  4860 | D:5      | You fall into a shaft and drop 3 floors!
  5008 | D:8      | Reached skill level 9 in Axes
  5019 | D:8      | Slain by a wight

Illustrated notes

Levels and vault maps discovered:
D:1:      dpeg_arrival_chambers_temple_mockup, layout_basic,
          serial_co_window_serial, co_window_paths_a, co_window_corner_a,
          co_window_corner_a, co_window_paths_a, co_window_corner_a,
          co_window_paths_c, co_window_corner_b, co_window_cross_3,
          co_window_corner_ca, co_window_broadway_a, co_window_paths_c,
          co_window_broadway_a, glass_columns_a, glass_columns_b,
          glass_columns_b, glass_columns_b, glass_columns_a
D:2:      layout_rooms, serial_park_tiny_2, grunt_decor_fettered,
          minmay_tetromino_i2
D:3:      layout_basic, nicolae_ru_sacrificial_ziggurat, serial_shops, shop,
          uniq_terence, uniq_grinder, uniq_crazy_yiuf_cottage
D:4:      layout_gridville, mainiacjoe_overflow_six_doors_small,
          gammafunk_ghost_mausoleum, minmay_misc_feat_hallway, dk_noncrumbling_3
D:5:      cheibrodos_thug_alley, layout_loops_ring,
          nicolae_overflow_macrodata_refinement
D:8:      layout_basic, nicolae_vehumet_altar_sigil, enter_bailey_3

Skill      XL: |  1  2  3  4  5  6  7  8 |
---------------+-------------------------+-----
Axes           | 3 5 6 7 9 |  9.1
Armour         | 4 5 6 |  6.5
Fighting       | 4 5 6 |  6.4
Dodging        | 1 |  1.4
Shields        | 4 |  4.3
Stealth        | 1 |  1.0

Action                     |  1- 3 |  4- 6 |  7- 9 || total
---------------------------+-------+-------+-------++-------
  Melee: War axe           |   118 |    88 |   172 ||   378
 Invoke: Convert to Beogh  |       |     1 |       ||     1
    Use: Potion            |       |     1 |     3 ||     4
 Armour: Scale mail        |    86 |    73 |   139 ||   298
  Dodge: Dodged            |    55 |    48 |    83 ||   186
  Block: Buckler           |    27 |    23 |    36 ||    86

Table legend: (Time is in decaauts)
 A = Elapsed time spent in this place.
 B = Non-inter-level travel time spent in this place.
 C = Inter-level travel time spent in this place.
 D = Time resting spent in this place.
 E = Time spent auto-exploring this place.
 F = Levels seen in this place.
 G = Mean time per level.
                   A        B        C        D        E       F      G
               +--------+--------+--------+--------+--------+-----+--------+
         Total |   5118 |   4809 |    309 |      0 |   3992 |   6 |  853.0 |
       Dungeon |   5118 |   4809 |    309 |      0 |   3992 |   6 |  853.0 |
               +--------+--------+--------+--------+--------+-----+--------+

Top non-repeatable levels by time:
     D:4: 1391 daAuts
     D:3: 1131 daAuts
     D:1: 1099 daAuts
     D:5: 675 daAuts
     D:2: 659 daAuts
     D:8: 161 daAuts
